 Dungeon Crawl Stone Soup version 0.30.0-18-gc0e69614cb (webtiles) character file.

Game seed: 642633615431134151

273864 joshe the Sorcerer (level 19, -6/107 HPs)
             Began as a Deep Elf Conjurer on May 22, 2023.
             Was the Champion of Hepliaklqana.
             Mangled by a rockslime (20 damage)
             ... while paralysed by a great orb of eyes
             ... on level 5 of the Pits of Slime on May 24, 2023.
             The game lasted 05:41:05 (58971 turns).

joshe the Sorcerer (Deep Elf Conjurer)             Turns: 58971, Time: 05:41:06

Health: -6/107     AC: 34    Str:  9    XL:     19   Next: 51%
Magic:  27/42      EV:  2    Int: 50    God:    Hepliaklqana [******]
Gold:   2554       SH:  0    Dex: 14    Spells: 9/62 levels left

rFire   . . .        b - +5 short sword of Anyirgh Fige {venom, Fragile rElec Str+6 Int+8}
rCold   . . .        V - +0 buckler of the Modern Mice {Fly rElec rCorr Dex+2}
rNeg    + . .        L - melded +2 robe {rC+ rF+}
rPois   ∞            e - +1 helmet of the Poles {SInv}
rElec   +            k - +2 cloak
rCorr   +            P - melded +2 pair of gloves {Dex+3}
SInv    +            H - melded +2 pair of boots
Will    +....        Q - amulet "Kousecs" {Acrobat rPois}
Stlth   +++          K - +6 ring of intelligence
HPRegen 0.37/turn    z - ring of wizardry
MPRegen 0.28/turn

%: acrobat, wizardry (x1)
@: paralysed, statue-form, corroded, flying
A: slow and powerful, torment resistance 1, boosted hp, reduced essence, clever
1, low MP 1, wild magic 1
}: 2/15 runes: decaying, gossamer
a: End Transformation, Renounce Religion, Recall Ancestor, Ancestor Identity,
Transference, Idealise


You were on level 5 of the Pits of Slime.
You worshipped Hepliaklqana.
Hepliaklqana was exalted by your worship.
You were a living statue of rough stone.
You visited 8 branches of the dungeon, and saw 37 of its levels.
You also visited: Gauntlet and Ice Cave.

You collected 5058 gold pieces.
You spent 2504 gold pieces at shops.

Inventory:

Hand Weapons
 b - the +5 short sword of Anyirgh Fige (weapon) {venom, Fragile rElec Str+6 Int+8}
   (You took it off a minotaur in a Gauntlet)

   Str:       It affects your strength (+6).
   Int:       It affects your intelligence (+8).
   rElec:     It insulates you from electricity.
   Fragile:   It will be destroyed if unequipped.
 y - the +5 dagger of the Thoughtful Youths {venom, rN++ Int+3}
   (You found it on level 8 of the Dungeon)

   Int:       It affects your intelligence (+3).
   rN:        It greatly protects you from negative energy.
Missiles
 i - 7 silver javelins
 U - a throwing net
Armour
 e - the +1 helmet of the Poles (worn) {SInv}
   (You found it in a Gauntlet)

   SInv:      It lets you see invisible.
 k - a +2 cloak (worn)
 H - a +2 pair of boots (melded)
 L - a +2 robe of resistance (melded)
 P - a +2 pair of gloves of dexterity (melded)
 T - an orb of energy
 V - the +0 buckler of the Modern Mice (worn) {Fly rElec rCorr Dex+2}
   (You acquired it on level 15 of the Dungeon)

   Dex:       It affects your dexterity (+2).
   rElec:     It insulates you from electricity.
   Fly:       It grants you flight.
   rCorr:     It protects you from acid and corrosion.
Jewellery
 l - a ring of resist corrosion
 z - a ring of wizardry (right fist)
 J - a ring of protection from cold
 K - a +6 ring of intelligence (left fist)
 O - the amulet "Xeeli Xupt" {Rampage Will++ Regen+}
   (You found it in an ice cave)

   [amulet of regeneration]

   Regen:     It increases your rate of health regeneration.
   Rampage:   It bestows one free step when moving towards enemies.
   Will:      It greatly increases your willpower.
 Q - the amulet "Kousecs" (around neck) {Acrobat rPois}
   (You found it in an ice cave)

   [amulet of the acrobat]

   It increases your evasion while moving and waiting.
   rPois:     It protects you from poison.
Wands
 r - a wand of polymorph (10)
 u - a wand of digging (7)
 v - a wand of roots (30)
 w - a wand of flame (56)
 E - a wand of charming (7)
 R - a wand of acid (5)
 W - a wand of mindburst (6)
Scrolls
 c - 2 scrolls of butterflies
 h - 17 scrolls of teleportation
 o - 6 scrolls of fog
 s - 6 scrolls of poison
 t - 3 scrolls of magic mapping
 A - 6 scrolls of fear
 C - 4 scrolls of blinking
 D - 4 scrolls of enchant armour
 F - 7 scrolls of amnesia
 G - 4 scrolls of immolation
 I - 17 scrolls of identify
 S - a scroll of silence
Potions
 a - 3 potions of haste
 f - 9 potions of lignification
 g - 19 potions of curing
 j - 6 potions of ambrosia
 m - 2 potions of might
 n - 7 potions of heal wounds
 p - 2 potions of brilliance
 q - 5 potions of resistance
 x - 4 potions of cancellation
 B - 2 potions of mutation
 X - a potion of magic
Miscellaneous
 d - a phantom mirror
 M - a condenser vane
 N - a lightning rod (4/4)


   Skills:
 - Level 2.0 Fighting
 - Level 3.0 Armour
 - Level 9.0 Dodging
 - Level 4.0 Stealth
 - Level 6.0 Shields
 - Level 22.0 Spellcasting
 - Level 17.0 Conjurations
 - Level 13.0 Hexes
 - Level 4.0 Translocations
 + Level 15.4 Fire Magic
 - Level 17.0 Earth Magic
 - Level 10.0 Invocations
 - Level 10.0 Evocations


You had 9 spell levels left.
You knew the following spells:

 Your Spells              Type           Power      Damage    Failure   Level
a - Magic Dart            Conj           100%       1d8       1%          1
b - Searing Ray           Conj           100%       2d8       1%          2
c - Fulminant Prism       Conj/Hex       66%        3d27      1%          4
d - Iskenderun's Mystic   Conj/Tloc      100%       2d19      1%          4
e - Iron Shot             Conj/Erth      69%        9d13      1%          6
f - Fireball              Conj/Fire      68%        3d26      1%          5
g - Lehudib's Crystal Sp  Conj/Erth      69%        10d16     1%          8
h - Iskenderun's Battles  Conj           100%       2d15      1%          5
i - Mephitic Cloud        Conj/Pois/Air  98%        N/A       1%          3
j - Statue Form           Tmut/Erth      73%        N/A       1%          6
k - Fire Storm            Conj/Fire      68%        8d17      24%         9

Your spell library contained the following spells:

 Spells                   Type           Power      Damage    Failure   Level
 Beastly Appendage        Tmut           100%       N/A       1%          1
 Slow                     Hex            100%       N/A       1%          1
 Summon Small Mammal      Summ           100%       N/A       1%          1
 Blink                    Tloc           100%       N/A       1%          2
 Ensorcelled Hibernation  Hex/Ice        100%       N/A       1%          2
 Lesser Beckoning         Tloc           100%       N/A       1%          2
 Passwall                 Tmut/Erth      91%        N/A       1%          2
 Poisonous Vapours        Pois/Air       100%       N/A       1%          2
 Static Discharge         Conj/Air       100%       2-7/arc   1%          2
 Sublimation of Blood     Necr           64%        N/A       1%          2
 Call Canine Familiar     Summ           64%        N/A       1%          3
 Confusing Touch          Hex            100%       N/A       1%          3
 Dazzling Flash           Conj/Hex       100%       N/A       1%          3
 Gell's Gravitas          Tloc           89%        N/A       1%          3
 Hailstorm                Conj/Ice       100%       3d20      1%          3
 Ignite Poison            Fire/Tmut/Pois 95%        N/A       1%          3
 Ozocubu's Armour         Ice            64%        N/A       1%          3
 Portal Projectile        Hex/Tloc       100%       N/A       1%          3
 Spider Form              Tmut/Pois      64%        N/A       1%          3
 Stone Arrow              Conj/Erth      100%       3d13      1%          3
 Summon Guardian Golem    Hex/Summ       100%       N/A       1%          3
 Teleport Other           Tloc           89%        N/A       1%          3
 Tukima's Dance           Hex            100%       N/A       1%          3
 Vampiric Draining        Necr           64%        2d10      1%          3
 Anguish                  Hex/Necr       51%        N/A       1%          4
 Animate Armour           Summ/Erth      100%       N/A       1%          4
 Leda's Liquefaction      Hex/Erth       66%        N/A       1%          4
 Manifold Assault         Tloc           89%        N/A       1%          4
 Passage of Golubria      Tloc           89%        N/A       1%          4
 Petrify                  Tmut/Erth      100%       N/A       1%          4
 Borgnjor's Vile Clutch   Necr/Erth      55%        N/A       1%          5
 Freezing Cloud           Conj/Ice/Air   49%        6-21      1%          5
 Irradiate                Conj/Tmut      55%        3d30      1%          5
 Silence                  Hex/Air        51%        N/A       1%          5
 Summon Mana Viper        Hex/Summ       100%       N/A       1%          5
 Yara's Violent Unravell  Hex/Tmut       51%        3d20      1%          5
 Starburst                Conj/Fire      68%        6d18      1%          6
 Airstrike                Air            32%        2d(5-21)  2%          4
 Ice Form                 Ice/Tmut       64%        N/A       2%          4
 Summon Lightning Spire   Summ/Air       64%        N/A       2%          4
 Summon Forest            Summ/Tloc      39%        N/A       2%          5
 Alistair's Intoxication  Tmut/Pois      42%        N/A       6%          5
 Blade Hands              Tmut           32%        N/A       6%          5
 Shatter                  Erth           69%        3d51*     19%         9
 Eringya's Noxious Bog    Tmut/Pois      32%        N/A       28%         6
 Simulacrum               Ice/Necr       32%        N/A       28%         6
 Summon Cactus Giant      Summ           32%        N/A       28%         6
 Malign Gateway           Summ/Tloc      39%        N/A       52%         7
 Dragon Form              Tmut           32%        N/A       78%         7
 Ozocubu's Refrigeration  Ice            32%        4d14      78%         7
 Storm Form               Tmut/Air       32%        N/A       78%         7
 Chain Lightning          Conj/Air       55%        3d73      99%         9
 Maxwell's Capacitive Co  Air            32%        ∞         100%        8


Dungeon Overview and Level Annotations

Branches:
Dungeon (15/15)            Temple (1/1) D:7            Lair (5/5) D:9
  Swamp (4/4) Lair:3       Spider (4/4) Lair:3        Slime (5/5) Lair:5
    Orc (2/2) D:10            Elf (0/3) Orc:2        Vaults (1/5) D:13
 Depths (0/4) D:15          IceCv (visited)         Gauntlet (visited)

Altars:
Ashenzari
Cheibriados
Dithmenos
Elyvilon
Fedhas
Gozag
Hepliaklqana
Kikubaaqudgha
Makhleb
Nemelex Xobeh
Okawaru
Qazlal
Ru
Sif Muna
Trog
Uskayaw
Vehumet
Wu Jian
Xom
Yredelemnul
Zin
The Shining One
Jiyva
Lugonu

Shops:
D:1 (   D:2 *   D:10 ?   Orc:2 [[=?[[

Portals:
Abyss: Lair:5

Annotations:
D:11 exclusion: downstairs
D:13 2 runed translucent doors
Spider:1 3 runed translucent doors, Vubreenic's ghost, adept CeHu


Innate Abilities, Weirdness & Mutations

You are a living statue of rough stone.
Your actions are slow, but your melee attacks are powerful.
You are resistant to unholy torment.
Your maximum health is greatly increased.
You are immune to poison.
Your equipment is partially melded.
Your life essence is reduced to manifest your ancestor. (-10% HP)
Your mind is acute. (Int +4, Str/Dex -1)
Your magical capacity is low. (-10% MP)
Your spells are a little harder to cast, but a little more powerful.


Message History

Two slime creatures merge to form a large slime creature.
Casting: Lehudib's Crystal Spear (dangerous; 1% risk of failure)
Confirm with . or Enter, or press ? or * to list all spells.
Aiming: Lehudib's Crystal Spear (dangerous; 1% risk of failure)
Press: ? - help, Shift-Dir - straight line, f - rockslime
Aim: a rockslime (100% to hit)
The crystal spear hits the rockslime!!!
You kill the rockslime!
The acid blob hits you but does no damage.
The rockslime hits Eadwine!!!
Eadwine holds his ground!
Eadwine is destroyed!
A rockslime comes into view.
The great orb of eyes gazes at you.
You suddenly lose the ability to move!
The slime creature hits you. The acid blob hits you!!
You are splashed with acid.
You resist. The great orb of eyes gazes at you. You resist with some effort.
A slime creature comes into view.
The slime creature hits you! The acid blob hits you.
You are splashed with acid.
You resist.
The slime creature hits you but does no damage.
The acid blob hits you! The acid corrodes you!
You are splashed with acid.
You resist. The acid blob spits acid at you. The splash of acid hits you.
You resist.
The rockslime hits you but does no damage.
A great orb of eyes comes into view.
A slime creature comes into view.
The slime creature barely misses you.
A large slime creature splits.
The slime creature quivers.
The acid blob hits you but does no damage.
The acid blob hits you!!
* * * LOW HITPOINT WARNING * * *
You are splashed with acid.
You resist.
* * * LOW HITPOINT WARNING * * *
The acid blob hits you.
* * * LOW HITPOINT WARNING * * *
You are splashed with acid.
You resist.
* * * LOW HITPOINT WARNING * * *
The rockslime hits you!!
You die...

##### #.#..##
##.......
###........
#..........
#..........
#..........
##.J8J......
#..JJJG.....
#.......JJJJ....
................
........J.......
........J.......
...............G
........J......#
...............


You could see 3 acid blobs, 2 great orbs of eyes, 6 slime creatures, 2
rockslimes and a quicksilver ooze.

Vanquished Creatures
  Bai Suzhen (Swamp:3)
  A golden dragon (IceCv)
  Jorgrun (D:12)
  Mlioglotl (Swamp:3)
  Rupert (Lair:5)
  7 acid blobs
  A sphinx (Vaults:1)
  Frances (D:12)
  2 thorn hunters (Swamp:4)
  An azure jelly (Slime:2)
  A fenstrider witch (Swamp:4)
  5 rockslimes
  3 emperor scorpions
  2 vault wardens (Vaults:1)
  3 ghost moths
  An ironbound preserver (Vaults:1)
  The ghost of superbruh the Grappler, a journeyman TrFi of Hepliaklqana (Lair:5)
  A very ugly thing (Vaults:1)
  2 ironbound thunderhulks (Vaults:1)
  2 quicksilver oozes
  2 stone giants
  3 eleionomae
  2 dire elephants (Vaults:1)
  5 spark wasps
  A minotaur (Gauntlet)
  The ghost of Deukiw the Imperceptible, a journeyman SpEn of Gozag (D:13)
  Snorg (Lair:3)
  An ettin (Vaults:1)
  A fire dragon (D:15)
  5 great orbs of eyes
  2 shambling mangroves (Swamp:4)
  6 entropy weavers
  2 yaktaur captains (Vaults:1)
  14 hydras
  A ghost crab (Swamp:4)
  A radroach (Spider:2)
  3 ice dragons (IceCv)
  3 centaur warriors
  A jorogumo (Spider:3)
  4 ironbound frosthearts (Vaults:1)
  15 two-headed ogres
  10 alligators
  2 catoblepae
  12 boulder beetles
  3 death yaks (Lair:4)
  9 orc high priests
  A death scarab (Gauntlet)
  A hell hog (Gauntlet)
  3 tengu warriors
  2 thrashing horrors (Lair:5)
  A deep elf knight (D:13)
  2 skysharks
  4 goliath frogs
  A deep troll (D:15)
  2 pharaoh ants (Spider:4)
  2 orb spiders
  2 spriggan druids (Swamp:3)
  A glowing orange brain (Slime:2)
  An orange crystal statue (IceCv)
  4 lindwurms
  2 necromancers (D:15)
  10 swamp dragons
  3 bog bodies
  An ironbound convoker (Vaults:1)
  3 wizards
  Pikel (D:6)
  9 steelbarb worms
  8 shining eyes
  2 deep elf zephyrmancers (D:13)
  15 ugly things
  2 orc knights (Orc:2)
  2 deep elf pyromancers
  An orc sorcerer (D:15)
  7 wolf spiders
  A manticore (D:15)
  19 elephants
  A will-o-the-wisp (Swamp:2)
  Maurice (D:10)
  2 moths of wrath
  10 cyclopes
  A vault sentinel (Vaults:1)
  A black mamba (Lair:5)
  9 demonic crawlers
  2 smoke demons (Lair:5)
  2 eyes of devastation
  4 cane toads
  A gargoyle (D:12)
  3 centaur skeletons (D:13)
  7 torpor snails
  9 komodo dragons
  3 freezing wraiths
  3 unseen horrors
  A rime drake (shapeshifter) (D:13)
  Psyche (D:8)
  A large abomination (Lair:5)
  4 storm dragon simulacra (IceCv)
  15 yaktaurs
  4 kobold demonologists
  2 ancient zymes (Lair:5)
  2 efreet (D:14)
  7 golden dragon simulacra (IceCv)
  5 hornets
  9 meliai (Spider:4)
  A troll (shapeshifter) (D:13)
  3 tyrant leeches
  13 trolls
  3 tarantellas
  A tarantella (shapeshifter) (D:12)
  8 polar bears
  Grinder (D:5)
  13 dream sheep (Lair:5)
  16 blink frogs
  A dream sheep (shapeshifter) (Vaults:1)
  5 culicivoras
  102 slime creatures
  6 flying skulls (Gauntlet)
  8 spriggans
  A vampire (D:12)
  11 jumping spiders
  3 wraiths
  3 wyverns
  A ynoxinul (Lair:5)
  2 shadows
  A spectral komodo dragon (Gauntlet)
  2 fire bats (Gauntlet)
  43 yaks
  Eustachio (D:6)
  5 basilisks
  3 steam dragons
  13 vampire mosquitoes
  32 redbacks
  A chaos spawn (Lair:5)
  11 small abominations (Lair:5)
  6 wargs (Orc:2)
  An acid dragon (D:12)
  A harpy simulacrum (D:15)
  2 hell hounds (Gauntlet)
  13 swamp worms
  12 water moccasins
  17 orc warriors
  8 swamp drakes
  11 black bears
  2 ice beasts (D:6)
  5 ice dragon simulacra (IceCv)
  A boggart (D:13)
  3 sky beasts
  12 ogres
  7 wolves
  11 centaurs
  3 lemures (D:6)
  12 kobold brigands
  8 bullfrogs
  A gnoll sergeant (D:9)
  2 scorpions
  4 wights (D:8)
  3 lindwurm simulacra (IceCv)
  4 killer bees (D:9)
  2 howler monkeys
  An electric eel (Spider:3)
  2 hounds (D:4)
  32 orc priests
  2 sleepcaps
  2 gnoll boudas
  10 iguanas
  22 orc wizards
  A boggart skeleton (D:13)
  12 gnolls
  3 adders
  5 river rats (D:5)
  2 shadow imps
  2 worms
  4 dart slugs
  81 orcs
  12 ball pythons
  4 bats
  5 endoplasms
  6 goblins
  6 hobgoblins
  11 jackals
  40 kobolds
  7 quokkas
  3 frilled lizards (D:3)
  6 rats
  3 fulminant prisms
1120 creatures vanquished.

Vanquished Creatures (collateral kills)
  2 acid blobs
  An azure jelly (Slime:2)
  A thorn hunter (Swamp:4)
  A rockslime (Slime:1)
  Roxanne (Swamp:1)
  An emperor scorpion (Spider:4)
  An ironbound preserver (Vaults:1)
  A spark wasp (Spider:2)
  A shambling mangrove (Swamp:4)
  A yaktaur captain (Vaults:1)
  2 ice dragons (IceCv)
  An entropy weaver (Spider:1)
  A spriggan air mage (Swamp:3)
  4 hydras
  An ogre mage (D:15)
  2 radroaches
  A ghost crab (Swamp:3)
  5 two-headed ogres
  3 centaur warriors
  2 alligators
  A boulder beetle (Spider:4)
  A spriggan (D:13)
  A skeletal warrior (D:13)
  A goliath frog (Swamp:2)
  A spriggan druid (Swamp:4)
  A deep troll (D:15)
  2 swamp dragons (Swamp:4)
  An orb spider (Spider:2)
  2 lindwurms (Vaults:1)
  A harpy (Vaults:1)
  A deep elf pyromancer (D:13)
  2 steelbarb worms (Spider:4)
  An orc knight (Orc:1)
  A wolf spider (Spider:1)
  A manticore (D:15)
  5 ugly things
  2 cyclopes (D:12)
  3 elephants
  A vault sentinel (Vaults:1)
  A moth of wrath (Spider:4)
  2 demonic crawlers
  4 cane toads
  2 freezing wraiths (Swamp:1)
  A komodo dragon (Lair:3)
  2 trolls
  2 tyrant leeches
  A tarantella (Spider:2)
  3 hornets
  2 polar bears
  A blink frog (Lair:5)
  24 slime creatures
  7 jumping spiders
  A basilisk (Lair:5)
  A chaos spawn (Lair:5)
  A vampire mosquito (D:13)
  8 redbacks
  2 swamp drakes
  2 orc warriors
  2 ice dragon simulacra (IceCv)
  An ogre (Orc:1)
  A kobold brigand (D:13)
  5 orc priests (Orc:2)
  3 orc wizards
  A worm (shapeshifter) (Lair:5)
  9 orcs
151 creatures vanquished.

Vanquished Creatures (others)
  A spriggan (Swamp:3)
  A bloated husk (Swamp:4)
  2 hornets (Swamp:3)
  11 knights
  An ancestor (Lair:3)
  4 fire vortices (Slime:5)
  2 foxfires (Swamp:2)
  453 fulminant prisms
  2 starspawn tentacles (Swamp:3)
477 creatures vanquished.

Grand Total: 1748 creatures vanquished

Notes
Turn   | Place    | Note
-------+----------+-------------------------------------------
     0 | D:1      | joshe the Deep Elf Conjurer began the quest for the Orb.
     0 | D:1      | Reached XP level 1. HP: 10/10 MP: 6/6
    82 | D:1      | Reached XP level 2. HP: 10/15 MP: 2/8
    85 | D:1      | Learned a level 2 spell: Searing Ray
   636 | D:1      | Reached skill level 4 in Spellcasting
   903 | D:1      | Reached skill level 5 in Conjurations
   903 | D:1      | Reached XP level 3. HP: 19/19 MP: 6/10
  1177 | D:1      | Found Xucvojoxzi's Weapon Shop.
  1798 | D:2      | Found Jaesaom's Assorted Antiques.
  1812 | D:2      | Bought a scroll labelled DUNTEL VAUTSA for 27 gold pieces
  1812 | D:2      | Bought a scroll labelled MEABUCV BESOL for 27 gold pieces
  1973 | D:2      | Reached skill level 5 in Spellcasting
  2359 | D:3      | Found a radiant altar of Vehumet.
  2403 | D:3      | Reached XP level 4. HP: 24/24 MP: 7/13
  2410 | D:3      | Learned a level 4 spell: Fulminant Prism
  2431 | D:3      | Reached skill level 1 in Hexes
  3630 | D:4      | Found a shimmering blue altar of Sif Muna.
  3733 | D:4      | Reached XP level 5. HP: 25/28 MP: 7/14
  4063 | D:4      | Reached skill level 5 in Hexes
  4153 | D:4      | Reached XP level 6. HP: 32/32 MP: 11/16
  4865 | D:5      | Entered Level 5 of the Dungeon
  4919 | D:5      | Found a hide-covered altar of Uskayaw.
  4999 | D:5      | Reached skill level 6 in Spellcasting
  5191 | D:5      | Reached XP level 7. HP: 36/36 MP: 12/18
  5255 | D:5      | Learned a level 4 spell: Iskenderun's Mystic Blast
  5366 | D:5      | Reached skill level 1 in Translocations
  5367 | D:5      | Noticed Grinder
  5372 | D:5      | Paralysed by Grinder for 4 turns
  5373 | D:5      | Killed Grinder
  5409 | D:5      | Reached skill level 7 in Spellcasting
  5740 | D:5      | Reached XP level 8. HP: 41/41 MP: 12/20
  6143 | D:5      | Found a sacrificial altar of Ru.
  6534 | D:6      | Noticed Pikel
  6715 | D:6      | Killed Pikel
  6716 | D:6      | Reached skill level 9 in Spellcasting
  6716 | D:6      | Reached XP level 9. HP: 45/45 MP: 10/24
  6849 | D:6      | Reached skill level 10 in Spellcasting
  7066 | D:6      | Noticed Eustachio
  7078 | D:6      | Killed Eustachio
  7708 | D:7      | Found a staircase to the Ecumenical Temple.
  7723 | Temple   | Entered the Ecumenical Temple
  7723 | Temple   | Found a transporter.
  7723 | Temple   | Found a transporter.
  7754 | Temple   | Found a transporter.
  7754 | Temple   | Found a transporter.
  8170 | D:7      | Identified the +0 robe "Maituqant" {Rampage +Blink Str-5
                  | Int-4}
  8240 | D:7      | Reached skill level 11 in Spellcasting
  8800 | D:8      | Noticed a cyclops
  8806 | D:8      | Killed a cyclops
  8807 | D:8      | Reached skill level 12 in Spellcasting
  8807 | D:8      | Reached skill level 10 in Hexes
  9087 | D:8      | Found a glowing golden altar of the Shining One.
  9120 | D:8      | Identified the +5 dagger of the Thoughtful Youths {venom,
                  | rN++ Int+3}
  9382 | D:8      | Reached XP level 10. HP: 50/50 MP: 20/28
  9481 | D:8      | Noticed Psyche
  9484 | D:8      | Killed Psyche
  9871 | D:9      | Noticed a cyclops
  9879 | D:9      | Noticed a cyan ugly thing
  9909 | D:9      | Killed a cyclops
 10060 | D:9      | Noticed a two-headed ogre
 10198 | D:9      | Reached skill level 10 in Conjurations
 10811 | D:9      | Killed a cyan ugly thing
 10812 | D:9      | Reached skill level 5 in Dodging
 10922 | D:9      | Found a shimmering altar of Xom.
 11009 | D:9      | Killed a two-headed ogre
 11010 | D:9      | Reached XP level 11. HP: 54/54 MP: 18/29
 11204 | D:9      | Found a sparkling altar of Nemelex Xobeh.
 11579 | D:9      | Found a staircase to the Lair.
 11776 | D:10     | Entered Level 10 of the Dungeon
 11903 | D:10     | Noticed Maurice
 11909 | D:10     | Killed Maurice
 12109 | D:10     | Noticed a two-headed ogre
 12115 | D:10     | Killed a two-headed ogre
 12360 | D:10     | Found The Oracle's Delphic Readings.
 12364 | D:10     | Bought a scroll of amnesia for 48 gold pieces
 12364 | D:10     | Bought a scroll of immolation for 48 gold pieces
 12364 | D:10     | Bought a scroll of identify for 24 gold pieces
 12364 | D:10     | Bought a book of Iron for 432 gold pieces
 12371 | D:10     | Learned a level 6 spell: Iron Shot
 12408 | D:10     | Found a staircase to the Orcish Mines.
 12924 | D:11     | Reached skill level 13 in Spellcasting
 12924 | D:11     | Reached skill level 1 in Earth Magic
 13075 | D:11     | Found a gate leading to a gauntlet.
 13086 | Gauntlet | Entered a Gauntlet
 13086 | Gauntlet | Found a transporter.
 13089 | Gauntlet | Noticed a death scarab
 13095 | Gauntlet | Found a transporter.
 13096 | Gauntlet | Found a transporter.
 13115 | Gauntlet | Found a transporter.
 13117 | Gauntlet | Found a transporter.
 13119 | Gauntlet | Noticed a large abomination
 13119 | Gauntlet | Noticed a sixfirhy
 13130 | Gauntlet | Found a transporter.
 13145 | Gauntlet | Noticed a sixfirhy
 13147 | Gauntlet | Found a transporter.
 13147 | Gauntlet | Noticed a sixfirhy
 13156 | Gauntlet | Noticed a ghost crab
 13157 | Gauntlet | Found a transporter.
 13166 | Gauntlet | Found a transporter.
 13166 | Gauntlet | Noticed a hell hog
 13170 | Gauntlet | Found a runed translucent door.
 13176 | Gauntlet | Found a transporter.
 13177 | Gauntlet | Found a transporter.
 13305 | Gauntlet | Killed a death scarab
 13399 | Gauntlet | Found a transporter.
 13559 | Gauntlet | Found a transporter.
 13567 | Gauntlet | Reached skill level 5 in Earth Magic
 13744 | Gauntlet | Killed a hell hog
 13893 | Gauntlet | Identified the +1 helmet of the Poles {SInv}
 13920 | Gauntlet | Identified the +5 short sword of Anyirgh Fige {venom,
                  | Fragile rElec Str+6 Int+8}
 13920 | Gauntlet | Noticed a minotaur
 13935 | Gauntlet | Killed a minotaur
 15196 | D:11     | Reached XP level 12. HP: 58/59 MP: 12/31
 15530 | D:12     | Noticed Jorgrun
 15889 | D:12     | Identified the +4 scale mail of the Wasteland {Str+4 SInv
                  | Stlth+}
 15925 | D:12     | Noticed a two-headed ogre
 15933 | D:12     | Killed a two-headed ogre
 15938 | D:12     | Reached skill level 10 in Earth Magic
 16053 | Temple   | Became a worshipper of Hepliaklqana the Forgotten
 16164 | Lair:1   | Entered Level 1 of the Lair of Beasts
 16361 | Lair:1   | Reached skill level 1 in Invocations
 16796 | Lair:1   | Reached skill level 1 in Fighting
 18031 | Lair:2   | Noticed a seven-headed hydra
 18582 | Lair:2   | Reached skill level 14 in Spellcasting
 18711 | Lair:2   | Killed a seven-headed hydra
 18727 | Lair:2   | Reached XP level 13. HP: 66/66 MP: 7/33
 19314 | Lair:2   | Reached skill level 15 in Spellcasting
 19649 | Lair:2   | Reached * piety under Hepliaklqana
 19767 | Lair:2   | Reached skill level 1 in Evocations
 19996 | Lair:3   | Found a hole to the Spider Nest.
 20040 | Lair:3   | Learned a level 8 spell: Lehudib's Crystal Spear
 20707 | Lair:3   | Noticed Snorg
 20738 | Lair:3   | Killed Snorg
 21759 | Lair:3   | Found a staircase to the Swamp.
 21992 | Lair:3   | Reached skill level 16 in Spellcasting
 22725 | Lair:4   | Reached skill level 17 in Spellcasting
 22993 | Lair:4   | Reached ** piety under Hepliaklqana
 22994 | Lair:4   | Remembered your ancestor Eadwine as a knight
 23826 | Lair:5   | Entered Level 5 of the Lair of Beasts
 24498 | Lair:5   | Reached XP level 14. HP: 64/64 MP: 30/37
 24540 | Lair:5   | Found a large runed translucent door.
 24540 | Lair:5   | Found a large runed translucent door.
 24543 | Lair:5   | Noticed superbruh's ghost (journeyman TrFi)
 24639 | Lair:5   | Found a viscous altar of Jiyva.
 24640 | Lair:5   | Found a staircase to the Slime Pits.
 24746 | Lair:5   | Noticed Rupert
 24755 | Lair:5   | Killed Rupert
 24930 | Lair:5   | Reached skill level 18 in Spellcasting
 25042 | Lair:5   | Reached skill level 5 in Invocations
 27045 | Lair:5   | Found a corrupted altar of Lugonu.
 27045 | Lair:5   | Found a one-way gate to the infinite horrors of the Abyss.
 27305 | Lair:5   | Killed superbruh's ghost
 27574 | Orc:1    | Entered Level 1 of the Orcish Mines
 27836 | Orc:2    | Entered Level 2 of the Orcish Mines
 27836 | Orc:2    | Found Jizec's Magic Scroll Shop.
 27836 | Orc:2    | Found a staircase to the Elven Halls.
 27864 | Orc:2    | Found Petailayth's Antique Weapon Emporium.
 27868 | Orc:2    | Reached *** piety under Hepliaklqana
 28510 | Orc:2    | Found Iwneutu's Jewellery Shoppe.
 28742 | Orc:2    | Bought a scroll of identify for 24 gold pieces
 28742 | Orc:2    | Bought a scroll of identify for 24 gold pieces
 28742 | Orc:2    | Bought a scroll of blinking for 90 gold pieces
 29180 | Orc:2    | Found Vonelamn's Armour Shop.
 29180 | Orc:2    | Found Lapsor's Antique Armour Emporium.
 29349 | Orc:2    | Found Jyamuok's Antique Armour Shop.
 29349 | Orc:2    | Found Wusius's Antique Armour Emporium.
 29355 | Orc:2    | Bought a dyed leather armour for 200 gold pieces
 29367 | Orc:2    | Bought a pair of glowing gloves for 232 gold pieces
 29380 | Orc:2    | Bought a pair of embroidered boots for 232 gold pieces
 29912 | Orc:1    | Found a transporter.
 29914 | Orc:1    | Found a transporter.
 29956 | Orc:1    | Noticed an orc warlord
 30170 | D:12     | Reached XP level 15. HP: 68/68 MP: 26/39
 30462 | D:12     | Noticed Frances
 30465 | D:12     | Killed Frances
 31212 | D:12     | Killed Jorgrun
 31431 | D:12     | Reached skill level 19 in Spellcasting
 31611 | D:12     | Identified the +10 dagger of Kokhle {venom, rElec rF+} (You
                  | took it off an orc on level 12 of the Dungeon)
 31716 | D:12     | Identified the +0 chain mail of Affoukan {rC+ Int+2 Dex+3}
 32944 | D:13     | Reached skill level 15 in Conjurations
 33056 | D:13     | Reached **** piety under Hepliaklqana
 33070 | D:13     | Reached skill level 15 in Earth Magic
 33256 | D:13     | Identified a scroll of acquirement
 33256 | D:13     | Acquired 1293 gold pieces
 33286 | D:13     | Found a runed translucent door.
 33287 | D:13     | Noticed Deukiw's ghost (journeyman SpEn)
 33288 | D:13     | Identified the +5 spear of Leolyfua {heavy, Fly Int+4}
 33306 | D:13     | Killed Deukiw's ghost
 33442 | D:13     | Identified the staff of earth "Ycinum" {rF+}
 33814 | D:13     | Found a gate to the Vaults.
 33969 | D:13     | Found a runed translucent door.
 33970 | D:13     | Found a runed translucent door.
 33971 | D:13     | Found the +1 cloak of Starlight {*Dazzle EV+4 Stlth--}
 34090 | D:13     | Identified the staff of earth "Haleep" {Fly rN++ Str+3
                  | Dex+3}
 34364 | D:13     | Found a runed translucent door.
 34605 | D:14     | Reached XP level 16. HP: 72/72 MP: 23/41
 34871 | D:14     | Reached skill level 20 in Spellcasting
 34876 | D:14     | Reached skill level 10 in Invocations
 35610 | D:15     | Entered Level 15 of the Dungeon
 35761 | Orc:2    | Bought a dyed leather armour for 200 gold pieces
 35766 | Orc:2    | Bought a runed leather armour for 200 gold pieces
 35787 | Orc:2    | Bought a shiny orb for 372 gold pieces
 35824 | Orc:2    | Bought a shiny orb for 324 gold pieces
 35984 | D:15     | Reached ***** piety under Hepliaklqana
 36355 | D:15     | Reached skill level 5 in Evocations
 36666 | D:15     | Found a staircase to the Depths.
 37107 | D:15     | Acquired the +0 buckler of the Modern Mice {Fly rElec rCorr
                  | Dex+2}
 37111 | D:15     | Acquired Sif Muna's Guidebook on Gusty Blasts
 37121 | D:15     | Learned a level 5 spell: Fireball
 37127 | D:15     | Learned a level 5 spell: Iskenderun's Battlesphere
 37131 | D:15     | Learned a level 3 spell: Mephitic Cloud
 37341 | Spider:1 | Entered Level 1 of the Spider Nest
 37382 | Spider:1 | You are sucked into a shaft and drop 1 floor!
 37639 | Spider:1 | Found a runed translucent gate.
 37639 | Spider:1 | Found a runed translucent gate.
 37640 | Spider:1 | Found a runed translucent gate.
 37663 | Spider:1 | Noticed Vubreenic's ghost (adept CeHu)
 37694 | Spider:1 | Reached skill level 1 in Armour
 37960 | Spider:1 | Reached skill level 1 in Shields
 38159 | Spider:1 | Identified the +0 morningstar of Vegg {heavy, rElec Int+3}
 39151 | Swamp:1  | Entered Level 1 of the Swamp
 39151 | Swamp:1  | Noticed Roxanne
 39157 | Swamp:1  | Killed Roxanne
 39210 | Swamp:1  | Learned a level 6 spell: Statue Form
 39340 | Swamp:1  | Found a frozen archway.
 39433 | IceCv    | Entered an ice cave
 40196 | IceCv    | Noticed a golden dragon
 40220 | IceCv    | Killed a golden dragon
 40237 | IceCv    | Reached skill level 1 in Fire Magic
 40424 | IceCv    | Identified the +0 hat of Articulation {rElec}
 40541 | IceCv    | Identified the amulet "Kousecs" {Acrobat rPois}
 40556 | IceCv    | Identified the amulet "Xeeli Xupt" {Rampage Will++ Regen+}
 42024 | Swamp:2  | Reached skill level 5 in Fire Magic
 42397 | Swamp:2  | Reached XP level 17. HP: 75/75 MP: 31/43
 42723 | Swamp:3  | Noticed Bai Suzhen
 42733 | Swamp:3  | Killed Bai Suzhen
 43810 | Swamp:3  | Noticed Mlioglotl
 43818 | Swamp:3  | Killed Mlioglotl
 44478 | Swamp:4  | Entered Level 4 of the Swamp
 44486 | Swamp:4  | Reached skill level 5 in Shields
 45429 | Swamp:4  | Paralysed by a fenstrider witch for 3 turns
 46029 | Swamp:4  | Reached skill level 10 in Fire Magic
 46699 | Swamp:4  | Reached ****** piety under Hepliaklqana
 46788 | Swamp:4  | Got a decaying rune of Zot
 46973 | Swamp:4  | Upgraded the game from 0.30.0-17-ge0270778cf to
                  | 0.30.0-18-gc0e69614cb
 49028 | Spider:3 | Reached XP level 18. HP: 80/80 MP: 19/44
 50042 | Spider:4 | Entered Level 4 of the Spider Nest
 51590 | Spider:4 | Reached skill level 21 in Spellcasting
 52517 | Spider:4 | Got a gossamer rune of Zot
 52838 | Vaults:1 | Entered Level 1 of the Vaults
 54154 | Vaults:1 | Reached skill level 22 in Spellcasting
 55186 | Vaults:1 | Paralysed by a great orb of eyes for 2 turns
 55566 | Slime:1  | Entered Level 1 of the Pits of Slime
 56042 | Slime:2  | Reached XP level 19. HP: 83/83 MP: 30/47
 56048 | Slime:2  | Reached skill level 10 in Evocations
 56615 | Slime:2  | Learned a level 9 spell: Fire Storm
 57319 | Slime:1  | Gained mutation: You do not regenerate when monsters are
                  | visible. [a shining eye]
 57494 | Slime:3  | Gained mutation: You are weak. (Str -2) [a shining eye]
 57504 | Slime:2  | Lost mutation: You are weak. (Str -2) [potion of mutation]
 57504 | Slime:2  | Lost mutation: You do not regenerate when monsters are
                  | visible. [potion of mutation]
 57504 | Slime:2  | Gained mutation: You are frail. (-10% HP) [potion of
                  | mutation]
 57504 | Slime:2  | Gained mutation: You sometimes lose your temper in combat.
                  | [potion of mutation]
 57505 | Slime:2  | Lost mutation: You are frail. (-10% HP) [potion of
                  | mutation]
 57505 | Slime:2  | Lost mutation: You sometimes lose your temper in combat.
                  | [potion of mutation]
 57505 | Slime:2  | Gained mutation: Your magical capacity is low. (-10% MP)
                  | [potion of mutation]
 57505 | Slime:2  | Gained mutation: Your mind is acute. (Int +4, Str/Dex -1)
                  | [potion of mutation]
 57505 | Slime:2  | Gained mutation: Your spells are a little harder to cast,
                  | but a little more powerful. [potion of mutation]
 58821 | Slime:5  | Entered Level 5 of the Pits of Slime
 58830 | Slime:5  | Reached skill level 15 in Fire Magic
 58968 | Slime:5  | Paralysed by a great orb of eyes for 5 turns
 58971 | Slime:5  | Mangled by a rockslime

Illustrated notes

Levels and vault maps discovered:
D:1:      amcnicky_arrival_double_pillar, layout_basic, serial_shops,
          nicolae_shop_real_fake_doors
D:2:      cheibrodos_old_hovel, layout_rooms, serial_shops, shop
D:3:      layout_basic, mainiacjoe_overflow_tiny_flanked
D:4:      layout_basic, mainiacjoe_overflow_concentric_impassable,
          roderic_lattice_a
D:5:      wander_guarded_unrand_ratskin, layout_basic,
          nicolae_ru_the_path_less_chosen, eat_drink_and_be_merry_uskayaw,
          uniq_grinder
D:6:      layout_loops_ring, minivault_24, uniq_pikel, uniq_eustachio
D:7:      layout_basic, minmay_temple_entry_grid
D:8:      layout_loops_ring, nicolae_tso_carved_into_rock,
          kennysheep_minor_cross, minmay_misc_feat_ornament, uniq_psyche
D:9:      layout_basic, lemuel_crystal_altar, nemelex_xobeh_ov_fountains_minmay,
          lair_entry_dummy, minmay_holes, glass_columns_c, minmay_joined_circles
D:10:     layout_loops_ring, orc_0_dummy, nicolae_nh_oracle_at_delphi,
          uniq_maurice
D:11:     layout_grid_maze, gauntlet_entry_generic, grunt_decor_junction
D:12:     minmay_tri_box, layout_irregular_city, grunt_ministairs_3,
          minmay_the_grid_square_5x5_3x3_mashed
          [minmay_the_grid_square_5x5_gyroscope,
          minmay_the_grid_square_5x5_slash, minmay_the_grid_square_5x5_inner_i,
          minmay_the_grid_square_5x5_beaten_path,
          minmay_the_grid_square_5x5_megaprize_hollow,
          minmay_the_grid_square_5x5_minimal,
          minmay_the_grid_square_5x5_hollow_slash,
          minmay_the_grid_square_5x5_two, minmay_the_grid_square_5x5_longway],
          uniq_jorgrun, uniq_frances
D:13:     cheibrodos_monumental, layout_basic,
          hangedman_vaults_entry_quadrant_bands, ebering_ghost_funeral_grove,
          mikee_hates_you
D:14:     layout_irregular_city, chequers_serial_rivers_small_3
D:15:     hangedman_depths_entry_civil_slaughter, layout_small_grid
Temple:   hellmonk_temple_divided_pantheon
Lair:1:   layout_cave_pods
Lair:2:   beast_lair_carwin_large_4, layout_loops_ring
Lair:3:   layout_small_grid, minmay_swamp_entry_reptiles, dummy_spider_entry,
          beast_lair_carwin_4, uniq_snorg
Lair:4:   beast_lair_carwin_large_2, layout_hall_layers
Lair:5:   hellmonk_lair_end_abyssal_woods, layout_cave_pods, slime_entry_1,
          ebering_ghost_disaster_area, serial_bayou_shore_a, uniq_rupert
Swamp:1:  layout_basic_swamp, portal_ice_cave_entry_horrid_things,
          nicolae_swamp_fairy_circle, uniq_roxanne
Swamp:2:  layout_falls_marsh, evilmike_swamp_ruin_house_5
Swamp:3:  layout_falls_marsh, nicolae_swamp_stair_fork, uniq_bai_suzhen,
          uniq_mlioglotl
Swamp:4:  swamp_alternative, layout_basic_swamp, infiniplex_staircase_pool
Spider:1: layout_cave_pods, ebering_ghost_rock_garden
Spider:2: layout_spider_delve
Spider:3: layout_spider_delve
Spider:4: hellmonk_spider_rune_bug_friends, hellmonk_test_site
Slime:1:  layout_caves
Slime:2:  layout_caves
Slime:3:  layout_caves
Slime:4:  layout_caves
Slime:5
Orc:1:    gammafunk_beogh_shrine, layout_diamond_mine, minmay_orc_temple_b
Orc:2:    st_orc_town, layout_caves, serial_shops, nicolae_shop_waterfront,
          nicolae_shop_advertising_works [nicolae_subvault_shop_adworks], shop,
          basic_altar
Vaults:1: nicolae_vaults_more_shelving_2, v_alt_pattern_6,
          nicolae_vaults_twisting_passages, nicolae_vaults_network_quinsquares
          [nicolae_vaults_network_quincunx_subvault,
          nicolae_vaults_network_quincunx_subvault,
          nicolae_vaults_network_quincunx_subvault,
          nicolae_vaults_network_quincunx_subvault], v_misc_11,
          nicolae_vaults_diagonal_hallway_7, v_misc_33,
          nicolae_vaults_an_arrangement, v_misc_25, layout_vaults_omnibox

Skill      XL: |  1  2  3  4  5  6  7  8  9 10 11 12 13 14 15 16 17 18 19 |
---------------+----------------------------------------------------------+-----
Spellcasting   | 4 5 6 7 9 12 13 14 17 18 19 20 22 | 22.0
Conjurations   | 5 6 7 8 10 11 12 14 15 16 17 | 17.0
Hexes          | 4 5 6 7 8 10 12 13 | 13.0
Translocations | 3 4 |  4.0
Dodging        | 4 5 6 9 |  9.0
Stealth        | 3 4 |  4.0
Earth Magic    | 9 12 14 15 16 17 | 17.0
Invocations    | 4 6 9 10 | 10.0
Fighting       | 2 |  2.0
Evocations     | 4 6 9 10 | 10.0
Armour         | 3 |  3.0
Shields        | 3 6 |  6.0
Fire Magic     | 6 10 12 15 | 15.4

Action                     |  1- 3 |  4- 6 |  7- 9 | 10-12 | 13-15 | 16-18 | 19-21 || total
---------------------------+-------+-------+-------+-------+-------+-------+-------++-------
  Melee: Dagger            |       |       |     1 |       |       |       |       ||     1
         Short sword       |       |       |       |     1 |       |     6 |       ||     7
  Throw: Javelin           |       |       |       |       |     3 |       |       ||     3
   Cast: Magic Dart        |    83 |    86 |    23 |    34 |    99 |   179 |     7 ||   511
         Searing Ray       |     1 |    16 |    20 |    20 |    44 |    35 |     2 ||   138
         Fulminant Prism   |       |     3 |    52 |   127 |   187 |    72 |    16 ||   457
         Iskenderun's Myst |       |       |    14 |    54 |    56 |    65 |    26 ||   215
         Iron Shot         |       |       |       |    11 |   149 |   139 |     5 ||   304
         Lehudib's Crystal |       |       |       |       |     2 |    76 |    12 ||    90
         Fireball          |       |       |       |       |       |   100 |    27 ||   127
         Iskenderun's Batt |       |       |       |       |       |    89 |     4 ||    93
         Statue Form       |       |       |       |       |       |    52 |    17 ||    69
         Mephitic Cloud    |       |       |       |       |       |     2 |       ||     2
         Fire Storm        |       |       |       |       |       |       |     2 ||     2
 Invoke: Recall Ancestor   |       |       |       |       |     4 |     8 |     2 ||    14
         Ancestor Life: Kn |       |       |       |       |     1 |       |       ||     1
         Idealise          |       |       |       |       |     1 |     2 |       ||     3
  Evoke: Wand              |       |       |       |     2 |     4 |     9 |       ||    15
         Lightning rod     |       |       |       |       |     6 |     5 |       ||    11
         Condenser vane    |       |       |       |       |     1 |     1 |       ||     2
         Phantom mirror    |       |       |       |       |       |     1 |     1 ||     2
    Use: Scroll            |     5 |       |     6 |     4 |    14 |    12 |       ||    41
         Potion            |       |       |       |     2 |     9 |     6 |     3 ||    20
 Armour: Robe              |     1 |     1 |     1 |     5 |    23 |     7 |     1 ||    39
         Skin              |       |       |       |       |       |   110 |    23 ||   133
  Dodge: Dodged            |     3 |     7 |     9 |    21 |    64 |   387 |    18 ||   509
  Block: Buckler           |       |       |       |       |       |    74 |     8 ||    82
